 Dungeon Crawl Stone Soup version 0.29-a0-892-g2c4c91d9db (console) character file.

Game seed: 6271726276644683849

88 CannotBeFrozen the Chopper (level 4, -4/38 HPs)
             Began as a Demigod Fighter on July 22, 2022.
             Killed by nerve-wracking pain
             ... invoked by an orc priest
              (14 damage)
             ... on level 3 of the Dungeon.
             The game lasted 00:04:01 (2380 turns).

CannotBeFrozen the Chopper (Demigod Fighter)        Turns: 2380, Time: 00:04:02

Health: -4/38      AC:  8    Str: 21    XL:     4   Next: 8%
Magic:  15/15      EV:  9    Int: 10    God:
Gold:   114        SH:  4    Dex: 13    Spells: 3/3 levels left

rFire   . . .      SeeInvis .   a - +0 war axe
rCold   . . .      Faith    .   c - +0 buckler
rNeg    . . .      Spirit   .   i - +0 scale mail
rPois   .          Reflect  .   k - +0 helmet
rElec   .          Harm     .   g - +0 cloak
rCorr   .          Rampage  .   (no gloves)
Will    .....                   (no boots)
Stlth   ..........              (no amulet)
HPRegen 0.12/turn               f - ring of magical power
MPRegen 0.14/turn               (no ring)

@: no status effects
A: high MP 1, forlorn, divine attributes
a: no special abilities


You were on level 3 of the Dungeon.
You visited 1 branch of the dungeon, and saw 3 of its levels.

You collected 114 gold pieces.

Inventory:

Hand Weapons
 a - a +0 war axe (weapon)
 b - a +1 dagger of venom
Missiles
 l - 12 stones (quivered)
 n - 4 poisoned darts
Armour
 c - a +0 buckler (worn)
 g - a +0 cloak (worn)
 i - a +0 scale mail (worn)
 k - a +0 helmet (worn)
Jewellery
 f - a ring of magical power (left hand)
Scrolls
 e - 6 scrolls of identify {unknown}
 o - a scroll of amnesia {unknown}
 q - a scroll of teleportation {unknown}
Potions
 d - a potion of might
 h - a potion of flight {unknown}
 j - a potion of cancellation {unknown}
 m - a potion of attraction {unknown}
 p - a potion of heal wounds {unknown}


   Skills:
 + Level 3.4 Fighting
 * Level 3.5 Axes
 - Level 2.6 Armour
 - Level 2.6 Shields


You had 3 spell levels left.
You didn't know any spells.
Your spell library contained the following spells:

 Spells                   Type           Power      Damage    Failure   Level
 Sting                    Tmut/Pois      0%         1d3       80%         1
 Poisonous Vapours        Pois/Air       0%         N/A       91%         2
 Olgreb's Toxic Radiance  Pois           0%         N/A       100%        4


Dungeon Overview and Level Annotations

Branches:
Dungeon (3/15)


Innate Abilities, Weirdness & Mutations

You have an increased reservoir of magic. (+10% MP)
You shall have no god before yourself.
Your divine heritage dramatically boosts your attributes as you level up.


Message History

The goblin moves out of view.
There is an open door here.
You closely miss the orc priest.
The orc priest hits you but does no damage.
You closely miss the orc priest.
A bat comes into view.
The orc priest casts a cantrip, but nothing happens.
You hit the orc priest but do no damage.
The orc priest invokes the aid of Beogh against you.
Pain shoots through your body!
HP: 33/38 (-5) ==========-- !
You slash the orc!
The orc is almost dead.
The orc priest mumbles some strange prayers to Beogh against you.
Beogh smites you! The orc hits you but does no damage.
HP: 20/38 (-13) ======------ !!!
You closely miss the orc.
The orc is almost dead.
The orc priest looks braver for a moment.
The orc hits you but does no damage.
The orc priest invokes the aid of Beogh against you.
Beogh smites you!
* * * LOW HITPOINT WARNING * * *
The orc barely misses you.
HP: 11/38 (-9) ===--------- !!
You closely miss the orc.
The orc is almost dead.
The orc priest calls upon Beogh to heal the orc.
The orc is healed somewhat.
The orc hits you but does no damage.
You barely miss the orc.
The orc is moderately wounded.
The orc priest begins to cast a cantrip, but forgets the words!
The orc hits you with a +0 short sword.
* * * LOW HITPOINT WARNING * * *
HP: 10/38 (-1) ===--------- You slash the orc!
You kill the orc!
The orc priest mumbles some strange prayers to Beogh against you.
Pain shoots through your body!
You die...

...#.# .... .... .{.
#.g #. #b# #.# #o#
#.# ##@## #.#
##...## #.#
##.....## ##.##
##.......##
###...####.........#
#........'.........+
#.....####.........#
#....## ##.......##
##.### ##.....## #.#
##...## #.# ##+##


You could see an orc priest, a goblin and a bat.

Vanquished Creatures
  Robin (D:2)
  2 adders (D:2)
  2 dart slugs (D:2)
  2 orcs (D:3)
  2 ball pythons
  2 bats (D:2)
  4 endoplasms
  5 giant cockroaches
  5 hobgoblins
  3 kobolds (D:2)
  A quokka (D:2)
  2 frilled lizards (D:2)
  13 goblins
  5 rats
  A spectral goblin (D:1)
50 creatures vanquished.

Vanquished Creatures (others)
  29 plants (D:2)
29 creatures vanquished.

Grand Total: 79 creatures vanquished

Notes
Turn   | Place    | Note
-------+----------+-------------------------------------------
     0 | D:1      | CannotBeFrozen the Demigod Fighter began the quest for the
                  | Orb.
     0 | D:1      | Reached XP level 1. HP: 18/18 MP: 3/3
   404 | D:1      | Reached XP level 2. HP: 21/25 MP: 4/4
  1020 | D:2      | Noticed Robin
  1036 | D:2      | Killed Robin
  1039 | D:2      | Reached XP level 3. HP: 26/31 MP: 5/5
  2141 | D:2      | Reached XP level 4. HP: 38/38 MP: 6/6
  2380 | D:3      | Killed from afar by an orc priest

Illustrated notes

Levels and vault maps discovered:
D:1:      giann_wishing_wells, layout_rooms,
          dreamdust_ecumenical_altar_drowned_temple
D:2:      layout_loops_cross, serial_bayou_lagoon_a, uniq_robin
D:3:      layout_loops_corners, nzn_hepliaklqana_mist_gate, serial_rivers,
          chequers_serial_rivers_small_a, chequers_serial_rivers_micro_a,
          chequers_serial_rivers_micro_b, chequers_serial_rivers_large_a,
          chequers_serial_rivers_room_a

Skill      XL: |  1  2  3 |
---------------+----------+-----
Axes           | 2 3 |  3.5
Fighting       | 3 |  3.4
Armour         | |  2.6
Shields        | |  2.6

Action                   |  1- 3 |  4- 6 || total
-------------------------+-------+-------++-------
Melee: War axe           |   140 |    20 ||   160
Armor: Scale mail        |    92 |     9 ||   101
Dodge: Dodged            |    69 |     6 ||    75
Block: Buckler           |    25 |     1 ||    26

Table legend: (Time is in decaauts)
 A = Elapsed time spent in this place.
 B = Non-inter-level travel time spent in this place.
 C = Inter-level travel time spent in this place.
 D = Time resting spent in this place.
 E = Time spent auto-exploring this place.
 F = Levels seen in this place.
 G = Mean time per level.
                   A        B        C        D        E       F      G
               +--------+--------+--------+--------+--------+-----+--------+
         Total |   2468 |   2413 |     55 |    481 |   1456 |   3 |  822.7 |
       Dungeon |   2468 |   2413 |     55 |    481 |   1456 |   3 |  822.7 |
               +--------+--------+--------+--------+--------+-----+--------+

Top non-repeatable levels by time:
     D:2: 1454 daAuts
     D:1: 935 daAuts
     D:3: 78 daAuts
